 Dungeon Crawl Stone Soup version 0.23.2 (webtiles) character file.

Game seed: 3181255508059794815

163319 Borgoz the Slicer (level 17, -12/106 HPs)
             Began as a Gargoyle Gladiator on Apr 11, 2019.
             Was a High Priest of Ashenzari.
             Mangled by an earth elemental (27 damage)
             ... summoned by a deep elf mage
             ... on level 2 of the Elven Halls.
             The game lasted 02:15:46 (32542 turns).

Borgoz the Slicer (Gargoyle Gladiator)             Turns: 32542, Time: 02:15:47

Health: -12/106    AC: 28    Str: 21    XL:     17   Next: 83%
Magic:  26/26      EV: 23    Int:  8    God:    Ashenzari [*****.]
Gold:   739        SH:  0    Dex: 23    Spells: 21/28 levels left

rFire    + . .     SeeInvis +   R - +7 short sword of Diet Blood {pierce, Dex+3}
rCold    . . .     Gourm    .   r - +6 shield of Pisuvaur {Regen+}
rNeg     + . .     Faith    .   F - +2 leather armour {MR+}
rPois    ∞         Spirit   .   s - +2 helmet
rElec    +         Reflect  .   U - +0 cloak {+Inv}
rCorr    .         Harm     .   l - +0 pair of gloves
MR       ++...     Clarity  +   B - +1 pair of boots
Stlth    ++........             (no amulet)
HPRegen  0.67/turn              w - +4 ring of dexterity
MPRegen  0.20/turn              M - ring of Ukhlall {rF+ Str+2}

@: confused, berserk cooldown, flying, slowed, very slow
A: big wings, dopey 1, negative energy resistance 1, electricity resistance,
unbreathing, petrification resistance, rot immunity, AC +12
a: Stop Flying, Curse Item, Scrying, Transfer Knowledge, Renounce Religion,
Evoke Invisibility


You were on level 2 of the Elven Halls.
You worshipped Ashenzari.
Ashenzari was extremely pleased with you.
You were not hungry.

You visited 5 branches of the dungeon, and saw 26 of its levels.
You visited the Abyss 1 time.
You visited 1 bazaar.
You also visited: Ice Cave.

You collected 2479 gold pieces.
You spent 1740 gold pieces at shops.

Inventory:

Hand Weapons
 a - a +1 quick blade
 O - a +1 rapier
 R - the +7 short sword of Diet Blood (weapon) {pierce, Dex+3}
   (You bought it in a shop on level 2 of the Orcish Mines)

   It inflicts extra damage upon your enemies.
   It affects your dexterity (+3).
 S - a +0 short sword of electrocution
Armour
 b - a scarf of cloud immunity
 l - a +0 pair of gloves (worn)
 r - the +6 shield of Pisuvaur (worn) {Regen+}
   (You found it on level 11 of the Dungeon)

   It increases your rate of regeneration.
 s - a +2 helmet (worn)
 B - a +1 pair of boots (worn)
 D - a +1 troll leather armour
 F - a +2 leather armour of magic resistance (worn)
 K - +0 ice dragon scales
 U - a +0 cloak of invisibility (worn)
Jewellery
 i - an uncursed ring of wizardry
 n - an uncursed ring of fire
 w - a +4 ring of dexterity (left hand)
 C - an uncursed ring of ice
 I - an uncursed ring of protection from magic
 J - an uncursed ring of resist corrosion
 L - an uncursed ring of protection from magic
 M - the ring of Ukhlall (right hand) {rF+ Str+2}
   (You found it on level 13 of the Dungeon)

   [ring of strength]

   It affects your strength (+2).
   It protects you from fire.
Wands
 q - a wand of enslavement (17)
 u - a wand of clouds (3)
 y - a wand of iceblast (14)
 E - a wand of acid (7)
 N - a wand of disintegration (11)
 Q - a wand of random effects (12)
Scrolls
 d - 5 scrolls of fog
 g - 4 scrolls of magic mapping
 h - 12 scrolls of remove curse
 j - 5 scrolls of enchant weapon
 k - 2 scrolls of holy word
 m - 5 scrolls of teleportation
 p - a scroll of fear
 x - a scroll of silence
 z - 3 scrolls of summoning
 P - 2 scrolls of blinking
 T - a scroll of amnesia
Potions
 e - 6 potions of brilliance
 o - a potion of cancellation
 t - 14 potions of curing
 v - a potion of might
 A - a potion of ambrosia
 H - a potion of magic
Comestibles
 f - 39 rations


   Skills:
 + Level 11.9 Fighting
 * Level 14.2 Short Blades
 - Level 1.8 Throwing
 + Level 11.7 Armour
 * Level 12.8 Dodging
 + Level 12.5 Stealth
 + Level 9.3 Shields
 - Level 6.0 Spellcasting
 + Level 8.1 Hexes
 + Level 4.9 Evocations


You had 21 spell levels left.
You knew the following spells:

 Your Spells              Type           Power        Failure   Level  Hunger
a - Confusing Touch       Hex            ###...       1%          1    #......
b - Invisibility          Hex            ###.....     97%         6    #######

Your spell library contained the following spells:

 Spells                   Type           Power        Failure   Level  Hunger
 Dazzling Spray           Conj/Hex       #.....       32%         3    ###....
 Inner Flame              Hex/Fire       #.......     32%         3    ###....
 Spectral Weapon          Hex/Chrm       #.......     32%         3    ###....
 Summon Guardian Golem    Hex/Summ       #.......     32%         3    ###....
 Animate Skeleton         Necr           N/A          50%         1    #......
 Apportation              Tloc           #.....       50%         1    #......
 Beastly Appendage        Tmut           #.....       50%         1    #......
 Infusion                 Chrm           #...         50%         1    #......
 Pain                     Necr           #...         50%         1    #......
 Shock                    Conj/Air       #...         50%         1    #......
 Summon Small Mammal      Summ           #...         50%         1    #......
 Call Imp                 Summ           #.......     63%         2    ##.....
 Passwall                 Tmut/Erth      #.......     63%         2    ##.....
 Shroud of Golubria       Chrm/Tloc      #.........   63%         2    ##.....
 Song of Slaying          Chrm           #.......     63%         2    ##.....
 Sticks to Snakes         Tmut           #.......     63%         2    ##.....
 Swiftness                Chrm/Air       #.......     63%         2    ##.....
 Throw Frost              Conj/Ice       #.....       63%         2    ##.....
 Call Canine Familiar     Summ           #.......     86%         3    ###....
 Ozocubu's Armour         Chrm/Ice       #.......     86%         3    ###....
 Recall                   Summ/Tloc      N/A          86%         3    ###....
 Regeneration             Chrm/Necr      #.........   86%         3    ###....
 Spider Form              Tmut/Pois      #.........   86%         3    ###....
 Static Discharge         Conj/Air       #.......     86%         3    ###....
 Vampiric Draining        Necr           #.........   86%         3    ###....
 Silence                  Hex/Air        #.........   96%         5    ######.
 Darkness                 Hex            ###.......   97%         6    #######
 Airstrike                Air            #.........   99%         4    #####..
 Animate Dead             Necr           N/A          99%         4    #####..
 Ice Form                 Ice/Tmut       #.......     99%         4    #####..
 Passage of Golubria      Tloc           N/A          99%         4    #####..
 Summon Ice Beast         Ice/Summ       #.......     99%         4    #####..
 Summon Lightning Spire   Summ/Air       #.......     99%         4    #####..
 Throw Icicle             Conj/Ice       #.......     99%         4    #####..
 Blade Hands              Tmut           #.........   100%        5    ######.
 Bolt of Draining         Conj/Necr      #.........   100%        5    ######.
 Bolt of Magma            Conj/Fire/Erth #.........   100%        5    ######.
 Borgnjor's Vile Clutch   Necr/Erth      #.........   100%        5    ######.
 Excruciating Wounds      Chrm/Necr      #.........   100%        5    ######.
 Iskenderun's Battlesphe  Conj/Chrm      #.......     100%        5    ######.
 Lee's Rapid Deconstruct  Erth           #.........   100%        5    ######.
 Lightning Bolt           Conj/Air       #.........   100%        5    ######.
 Venom Bolt               Conj/Pois      #.........   100%        5    ######.
 Bolt of Cold             Conj/Ice       #.........   100%        6    #######
 Iron Shot                Conj/Erth      #.........   100%        6    #######
 Simulacrum               Ice/Necr       #.........   100%        6    #######
 Orb of Destruction       Conj           #.........   100%        7    #######
 Spellforged Servitor     Conj/Summ      #.........   100%        7    #######
 Sublimation of Blood     Necr           Unusable     N/A         2    N/A

Dungeon Overview and Level Annotations

Branches:
Dungeon (15/15)            Temple (1/1) D:7            Lair (6/6) D:9
  Swamp (0/4) Lair:2        Snake (0/4) Lair:2        Slime (0/5) Lair:5
    Orc (2/2) D:9             Elf (2/3) Orc:2        Vaults (0/5) D:14
 Depths (0/5) D:15

Altars:
Ashenzari
Cheibriados
Dithmenos
Elyvilon
Fedhas
Gozag
Hepliaklqana
Kikubaaqudgha
Makhleb
Nemelex Xobeh
Okawaru
Qazlal
Ru
Sif Muna
Trog
Uskayaw
Vehumet
Wu Jian
Xom
Yredelemnul
Zin
The Shining One
Beogh

Shops:
D:12 [[   Orc:2 (:[[   Elf:2 [

Annotations:
D:15 2 transporters, dengdeng's ghost, journeyman MiBe


Innate Abilities, Weirdness & Mutations

You are resistant to torment.
Your stone body is resilient. (AC +12)
You are immune to poison.
Your large and strong wings let you fly indefinitely.
You resist negative energy. (rN+)
You are resistant to electric shocks. (rElec)
You can survive without breathing.
You are immune to petrification.
You are immune to rotting.
You are dopey. (Int -2)


Message History

The earth elemental barely misses you.
You hit the deep elf mage but do no damage.
The deep elf mage is lightly wounded.
You block the deep elf mage's attack. x2
You block the earth elemental's attack.
You catch the helpless deep elf mage completely off-guard!
You spit the deep elf mage like a pig!!!
You kill the deep elf mage!
The earth elemental disappears in a puff of smoke!
The deep elf mage completely misses you.
The earth elemental hits you.
* * * LOW HITPOINT WARNING * * *
You feel better. You block the deep elf mage's attack.
The earth elemental hits you!!
* * * LOW HITPOINT WARNING * * *
You are confused.
You feel invigorated.
The deep elf mage hits you but does no damage.
The earth elemental hits you!!
You die...

., ............ , ,,
...............* ..#
..............# ,..#
#.............# ,...#
#...........#* ...#
##..........## #...#
##............###....#
#..........)...#.....#
............)).E@)..#*
..##...##...##.e....#
.####.####.####...###
## ### ### #####
####### ##)....##
##(<<...<##
#...(.....#
#....(....#


You could see an earth elemental and a deep elf mage.

Vanquished Creatures
  Jorgrun (D:15)
  A tentacled starspawn (Abyss:2)
  Roxanne (Elf:2)
  A frost giant (D:13)
  A fire giant (D:15)
  The ghost of slayr the Severer, a journeyman HOMo of Beogh (Orc:2)
  A stone giant (D:13)
  A deep elf demonologist (Elf:1)
  2 deep elf death magi
  A fire dragon (D:9)
  A deep elf high priest (Elf:1)
  A blizzard demon (Abyss:2)
  Harold (D:8)
  An ice dragon (Lair:6)
  A vault guard (D:14)
  6 hydras
  A rakshasa (Abyss:2)
  The ghost of Borgoz the Slicer, a journeyman KoBe of Trog (D:12)
  A catoblepas (D:14)
  4 centaur warriors
  A two-headed ogre (D:12)
  2 tengu warriors
  An ogre mage (D:13)
  An orc high priest (Orc:1)
  19 death yaks
  The ghost of Curus the Cleaver, a novice DrBe of Trog (D:9)
  16 dancing weapons
  10 deep elf knights
  9 skeletal warriors (D:15)
  An unseen horror (shapeshifter) (D:15)
  3 unseen horrors
  12 deep elf archers
  Pikel (D:5)
  An orb spider (shapeshifter) (Elf:2)
  2 lindwurms (Lair:6)
  43 deep elf magi
  2 necromancers (Elf:1)
  3 orc knights
  2 phantasmal warriors (D:13)
  8 orc sorcerers
  13 ugly things
  An oklob plant (Lair:2)
  A wolf spider (Lair:6)
  5 cyclopes
  A moth of wrath (D:9)
  A manticore (D:9)
  10 elephants
  An apocalypse crab (Abyss:2)
  9 black mambas
  2 guardian serpents
  5 torpor snails (Lair:6)
  2 orange demons (Abyss:2)
  2 ice statues (IceCv)
  14 spiny frogs
  3 gargoyles
  A hellion (Abyss:2)
  10 komodo dragons
  3 rime drakes
  A demonic crawler (Abyss:2)
  A redback zombie (D:15)
  3 tyrant leeches (Lair:6)
  2 trolls
  10 hornets (Lair:6)
  3 meliai (D:13)
  2 polar bears (Lair:6)
  A polar bear (shapeshifter) (Elf:2)
  3 slime creatures (D:13)
  13 blink frogs
  9 hippogriffs
  7 dream sheep (Lair:6)
  2 redbacks (Lair:6)
  A centaur simulacrum (D:13)
  3 water elementals
  5 fire elementals
  2 shadows
  3 small abominations (Abyss:2)
  2 wraiths (D:13)
  14 wyverns
  10 humans (D:14)
  52 yaks
  A chaos spawn (Abyss:2)
  3 vampire mosquitoes (D:15)
  3 basilisks
  2 steam dragons (D:11)
  4 hungry ghosts
  Menkaure (D:7)
  5 wargs
  3 swamp worms (Lair:2)
  4 large abominations
  Duvessa (D:5)
  5 porcupines
  19 water moccasins
  16 ice beasts
  24 orc warriors
  4 sky beasts
  2 slaves (D:6)
  An eye of draining (D:12)
  4 black bears
  10 ogres
  2 necrophages
  3 phantoms
  9 wolves
  8 centaurs
  15 crocodiles
  A big kobold (D:11)
  An elf zombie (Elf:1)
  17 bullfrogs
  Dowan (D:5)
  6 scorpions
  2 troll zombies (D:9)
  3 wyvern skeletons
  7 killer bees
  A howler monkey (D:3)
  An electric eel (Lair:1)
  8 crimson imps
  4 bullfrog zombies
  A quasit (Abyss:2)
  6 centaur skeletons
  2 bullfrog skeletons
  8 jellies
  16 orc priests
  5 hounds
  Jessica (D:3)
  Terence (D:3)
  5 iguanas
  44 orc wizards
  7 worker ants
  4 ogre zombies (D:9)
  A hound skeleton (D:2)
  4 gnolls
  9 adders
  A river rat (D:9)
  3 shadow imps
  An ufetubus (Abyss:2)
  4 oozes (Lair:5)
  An adder skeleton (D:5)
  2 worms
  3 dart slugs
  4 leopard geckos
  98 orcs
  6 bats
  4 giant cockroaches
  5 goblins
  8 hobgoblins
  7 jackals
  3 quokkas
  3 ball pythons
  3 frilled lizards
  A giant cockroach zombie (D:6)
  4 goblin skeletons (D:9)
  3 goblin zombies (D:9)
  2 hobgoblin skeletons (D:9)
  2 hobgoblin zombies (D:9)
  9 kobolds
  A leopard gecko skeleton (D:8)
  An orc skeleton (D:9)
  7 orc zombies (D:9)
  5 rats
  6 plants
912 creatures vanquished.

Vanquished Creatures (others)
  A hippogriff (D:7)
  A human (D:14)
  An ogre (D:6)
  A sky beast (D:6)
  A crocodile (Lair:5)
  2 killer bees (D:9)
  An orc wizard (Orc:2)
  An adder (D:7)
  2 orcs
  A bush (Lair:6)
  40 fungi
  54 plants
  5 starspawn tentacles (Abyss:2)
111 creatures vanquished.

Grand Total: 1023 creatures vanquished

Notes
Turn   | Place    | Note
-------+----------+-------------------------------------------
     0 | D:1      | Borgoz the Gargoyle Gladiator began the quest for the Orb.
     0 | D:1      | Reached XP level 1. HP: 12/12 MP: 1/1
   460 | D:1      | Reached skill level 3 in Short Blades
   716 | D:2      | Reached XP level 2. HP: 17/17 MP: 2/2
  1161 | D:2      | Found a stormy altar of Qazlal.
  1251 | D:2      | Found a hazy altar of Hepliaklqana.
  1258 | D:2      | Reached XP level 3. HP: 19/22 MP: 3/3
  1698 | D:2      | Reached skill level 1 in Armour
  1698 | D:2      | Reached XP level 4. HP: 19/27 MP: 4/4
  2426 | D:3      | Noticed Jessica
  2446 | D:3      | Reached skill level 4 in Short Blades
  2449 | D:3      | Killed Jessica
  2449 | D:3      | Reached XP level 5. HP: 29/32 MP: 5/5
  2643 | D:3      | Noticed Terence
  2662 | D:3      | Killed Terence
  2737 | D:4      | Found a stormy altar of Qazlal.
  2759 | D:4      | Reached XP level 6. HP: 33/37 MP: 6/6
  2780 | D:4      | Reached skill level 5 in Short Blades
  2910 | D:4      | Found a shadowy altar of Dithmenos.
  2942 | D:4      | Found a shattered altar of Ashenzari.
  2942 | D:4      | Found a radiant altar of Vehumet.
  2943 | D:4      | Found a white marble altar of Elyvilon.
  2943 | D:4      | Found a glowing golden altar of the Shining One.
  2994 | D:5      | Entered Level 5 of the Dungeon
  3136 | D:5      | Reached XP level 7. HP: 37/41 MP: 7/7
  3154 | D:5      | Reached skill level 1 in Stealth
  3632 | D:5      | Noticed Duvessa
  3633 | D:5      | Noticed Dowan
  3645 | D:5      | Killed Duvessa
  3645 | D:5      | Reached skill level 6 in Short Blades
  3652 | D:5      | Killed Dowan
  3652 | D:5      | Reached XP level 8. HP: 21/48 MP: 8/8
  4300 | D:5      | Noticed Pikel
  4336 | D:5      | Killed Pikel
  4862 | D:6      | Reached skill level 5 in Dodging
  4971 | D:6      | Learned a level 1 spell: Confusing Touch
  5126 | D:7      | Reached skill level 7 in Short Blades
  5126 | D:7      | Reached XP level 9. HP: 53/53 MP: 9/9
  5284 | D:7      | Noticed Menkaure
  5672 | D:7      | Found a staircase to the Ecumenical Temple.
  5696 | D:7      | Reached skill level 5 in Fighting
  5713 | Temple   | Entered the Ecumenical Temple
  5799 | D:7      | Killed Menkaure
  5886 | D:4      | Became a worshipper of Ashenzari the Shackled
  5892 | D:4      | Found a sacrificial altar of Ru.
  6988 | D:8      | Reached skill level 5 in Armour
  7068 | D:8      | Reached skill level 5 in Stealth
  7169 | D:8      | Got the uncursed robe of Boredom {Str+5 Int+3}
  7298 | D:8      | Reached skill level 8 in Short Blades
  7515 | D:8      | Reached * piety under Ashenzari
  7581 | D:9      | Noticed a death yak
  7587 | D:9      | Noticed a death yak
  7743 | D:9      | Reached XP level 10. HP: 60/60 MP: 10/10
  7764 | D:9      | Found a staircase to the Lair.
  7791 | D:9      | Noticed a death yak
  7836 | D:8      | Killed a death yak
  8675 | D:9      | Found a staircase to the Orcish Mines.
  8691 | D:9      | Noticed Harold
  9010 | D:8      | Killed a death yak
  9010 | D:8      | Reached skill level 9 in Short Blades
  9284 | D:8      | Killed Harold
  9284 | D:8      | Reached XP level 11. HP: 30/67 MP: 11/11
  9493 | D:8      | Killed a death yak
 10734 | D:9      | Found a transporter.
 10737 | D:9      | Noticed a moth of wrath
 10738 | D:9      | Noticed Curus's ghost (novice DrBe)
 10738 | D:9      | Noticed a fire dragon
 10739 | D:9      | Noticed a manticore
 10794 | D:9      | Found a transporter.
 10799 | D:9      | Found a burning altar of Makhleb.
 11025 | D:10     | Entered Level 10 of the Dungeon
 11079 | D:10     | Identified the +0 robe of Boredom {Str+5 Int+3} (You found
                  | it on level 8 of the Dungeon)
 11460 | D:10     | Reached skill level 1 in Hexes
 11597 | D:10     | Reached skill level 1 in Spellcasting
 11871 | D:11     | Reached skill level 10 in Short Blades
 12550 | D:11     | Got the uncursed shield of Pisuvaur {Regen+}
 12556 | D:11     | Identified the +6 shield of Pisuvaur {Regen+} (You found it
                  | on level 11 of the Dungeon)
 12585 | D:12     | Found Egesaloxt's Armour Emporium.
 12635 | D:12     | Found a runed translucent door.
 12635 | D:12     | Noticed Borgoz's ghost (journeyman KoBe)
 12668 | D:12     | Found a flickering gateway to a bazaar.
 12693 | Bazaar   | Entered a bazaar
 12694 | Bazaar   | Found Vetsupn's Book Emporium.
 12694 | Bazaar   | Found Neurhaott's Magic Scroll Emporium.
 12695 | Bazaar   | Found Biolotte's Magic Scroll Shop.
 12726 | Bazaar   | Found Nyaciurr's Distillery.
 12734 | Bazaar   | Bought a potion of heal wounds for 35 gold pieces
 12734 | Bazaar   | Bought a potion of invisibility for 56 gold pieces
 12745 | Bazaar   | Bought a scroll of teleportation for 42 gold pieces
 12745 | Bazaar   | Bought a scroll of identify for 28 gold pieces
 12745 | Bazaar   | Bought a scroll of identify for 28 gold pieces
 12745 | Bazaar   | Bought a scroll of teleportation for 42 gold pieces
 12745 | Bazaar   | Bought 3 scrolls of remove curse for 126 gold pieces
 12756 | Bazaar   | Bought a scroll of enchant weapon for 90 gold pieces
 12756 | Bazaar   | Bought a scroll of enchant weapon for 90 gold pieces
 12756 | Bazaar   | Bought a scroll of blinking for 90 gold pieces
 12756 | Bazaar   | Bought a scroll of teleportation for 36 gold pieces
 12788 | D:12     | Noticed a two-headed ogre
 12844 | D:12     | Killed a two-headed ogre
 12889 | D:12     | Found Kypiakhlif's Armour Boutique.
 12948 | D:12     | Reached skill level 1 in Shields
 12948 | D:12     | Reached XP level 12. HP: 57/73 MP: 14/14
 13430 | D:12     | Found an opulent altar of Gozag.
 13844 | D:13     | Got the cursed pair of boots of the Jackalope {rF+ rN+
                  | Str-4 Int+8}
 14197 | Lair:1   | Entered Level 1 of the Lair of Beasts
 14298 | Lair:1   | Found a frozen archway.
 14361 | IceCv    | Entered an ice cave
 14362 | IceCv    | Found a transporter.
 14439 | IceCv    | Found a transporter.
 15328 | Lair:1   | Reached ** piety under Ashenzari
 15542 | Lair:1   | Reached XP level 13. HP: 79/79 MP: 15/18
 16135 | Lair:2   | Reached skill level 11 in Short Blades
 16300 | Lair:2   | Found a staircase to the Swamp.
 16343 | Lair:2   | Found a staircase to the Snake Pit.
 17977 | Lair:3   | Reached skill level 10 in Dodging
 18277 | Lair:4   | Reached *** piety under Ashenzari
 18349 | Lair:4   | Got the halberd "Tapem" {chop, Stlth+}
 18798 | Lair:5   | Found a staircase to the Slime Pits.
 19232 | Lair:5   | Reached skill level 5 in Shields
 19270 | Lair:5   | Gained mutation: Your large and strong wings let you fly
                  | indefinitely. [Gargoyle growth]
 19270 | Lair:5   | Reached XP level 14. HP: 58/86 MP: 16/20
 19485 | Lair:5   | Got the cursed plate armour "Kyism" {Int+2}
 19793 | Lair:6   | Entered Level 6 of the Lair of Beasts
 20079 | Lair:6   | Reached skill level 10 in Stealth
 20134 | Lair:6   | Reached skill level 5 in Spellcasting
 20134 | Lair:6   | Reached skill level 5 in Hexes
 20463 | Lair:6   | Reached skill level 12 in Short Blades
 20887 | Lair:6   | Reached skill level 10 in Fighting
 21456 | Lair:6   | Found a runed translucent door.
 21457 | Lair:6   | Reached XP level 15. HP: 92/92 MP: 23/23
 21564 | Lair:6   | Reached skill level 10 in Armour
 21800 | Lair:6   | Identified a scroll of acquirement
 21801 | Lair:6   | Identified the cursed +0 plate armour "Kyism" {Int+2} (You
                  | found it on level 5 of the Lair of Beasts)
 23008 | D:12     | Killed Borgoz's ghost
 23065 | D:13     | Noticed a frost giant
 23150 | D:13     | Identified the ring of Ukhlall {rF+ Str+2}
 23166 | D:13     | Reached **** piety under Ashenzari
 23514 | D:14     | Identified the Compendium of the Creative Frostbite
 23560 | D:14     | Got the uncursed ring mail "Loeqy" {*Corrode Str+5 Int+2}
 23800 | D:14     | Reached skill level 1 in Evocations
 23858 | D:14     | Found a gate to the Vaults.
 23862 | D:14     | Identified the +4 broad axe of Dominance {chop, rElec
                  | Dex+2}
 24172 | D:15     | Entered Level 15 of the Dungeon
 24328 | D:15     | Found a transporter.
 24330 | D:15     | Noticed dengdeng's ghost (journeyman MiBe)
 24330 | D:15     | Identified the +5 great mace of Hitickayt {flame, rC+ rN+}
 24330 | D:15     | Noticed a fire giant
 24341 | D:15     | Found a transporter.
 24479 | D:15     | Identified the +1 ring mail "Loeqy" {*Corrode Str+5 Int+2}
                  | (You found it on level 14 of the Dungeon)
 24506 | D:15     | Found a blossoming altar of Fedhas.
 24575 | D:15     | Cast into level 2 of the Abyss (skeletal warrior)
 24614 | Abyss:2  | Noticed a tentacled starspawn
 24694 | Abyss:2  | Killed a tentacled starspawn
 24732 | Abyss:2  | Reached skill level 13 in Short Blades
 24939 | D:15     | Escaped the Abyss
 24948 | D:15     | Found a staircase to the Depths.
 24949 | D:15     | Noticed a fire giant
 24962 | D:15     | Killed a fire giant
 24962 | D:15     | Reached XP level 16. HP: 99/99 MP: 22/25
 25233 | D:15     | Noticed Jorgrun
 25262 | D:15     | Killed Jorgrun
 26086 | D:9      | Killed Curus's ghost
 26227 | Orc:1    | Entered Level 1 of the Orcish Mines
 26985 | Orc:2    | Entered Level 2 of the Orcish Mines
 26985 | Orc:2    | Found a staircase to the Elven Halls.
 27429 | Orc:2    | Found Bimolush's Antique Weapon Emporium.
 27429 | Orc:2    | Found Gello's Book Shop.
 27464 | Orc:2    | Bought an ichor-stained short sword for 256 gold pieces
 27464 | Orc:2    | Identified the +7 short sword of Diet Blood {pierce, Dex+3}
                  | (You bought it in a shop on level 2 of the Orcish Mines)
 27537 | Orc:2    | Found a roughly hewn altar of Beogh.
 27659 | Orc:2    | Found Arown's Armour Emporium.
 27659 | Orc:2    | Found Obautoul's Armour Shop.
 27756 | Orc:2    | Bought a scarf of cloud immunity for 112 gold pieces
 27953 | Orc:2    | Found a roughly hewn altar of Beogh.
 28000 | Orc:2    | Found a runed translucent door.
 28279 | Orc:2    | Noticed slayr's ghost (journeyman HOMo)
 28298 | Orc:2    | Killed slayr's ghost
 28301 | Orc:2    | Got the cursed great sword "Bulugon" {freeze, rElec Str+4
                  | Int+2}
 28493 | D:11     | Got the rapier "Nuesch" {venom, Dex+2}
 28494 | D:11     | Identified the +2 rapier "Nuesch" {venom, Dex+2} (You found
                  | it on level 11 of the Dungeon)
 28591 | D:11     | Identified the Papyrus of Congealing Dark Rituals
 29065 | D:13     | Identified Sif Muna's Volume of the Bewitching Entourage
 29720 | Elf:1    | Entered Level 1 of the Elven Halls
 30209 | Elf:1    | Reached XP level 17. HP: 104/104 MP: 26/26
 30324 | Elf:1    | Reached ***** piety under Ashenzari
 30459 | Elf:1    | Identified the Catalogue of Evil
 30535 | Elf:1    | Gained mutation: You are dopey. (Int -2) [a neqoxec]
 30766 | Elf:1    | Learned a level 6 spell: Invisibility
 31221 | Elf:1    | Reached skill level 14 in Short Blades
 31487 | Elf:2    | Identified Roxanne's Disquisition on Transformation
 31487 | Elf:2    | Noticed Roxanne
 31983 | Elf:2    | Killed Roxanne
 32116 | Elf:2    | Found Dyschey's Antique Armour Emporium.
 32162 | Elf:2    | Bought a runed buckler for 217 gold pieces
 32162 | Elf:2    | Bought an embroidered cloak for 217 gold pieces
 32162 | Elf:2    | Bought an ancient chain mail for 275 gold pieces
 32283 | Elf:2    | Identified the +4 chain mail of Kudwejig {*Corrode rF++
                  | rC+} (You bought it in a shop on level 2 of the Elven
                  | Halls)
 32329 | Elf:2    | Found a runed translucent gate.
 32329 | Elf:2    | Found a runed translucent gate.
 32329 | Elf:2    | Found a runed translucent gate.
 32542 | Elf:2    | Mangled by an earth elemental

Skill      XL: |  1  2  3  4  5  6  7  8  9 10 11 12 13 14 15 16 17 |
---------------+----------------------------------------------------+-----
Short Blades   | 3 4 5 6 7 8 9 10 11 12 13 14 | 14.2
Armour         | 1 2 3 4 5 6 7 8 9 10 11 | 11.7
Fighting       | 3 4 5 7 8 9 10 11 | 11.9
Dodging        | 3 4 5 6 7 8 9 10 11 12 | 12.8
Stealth        | 2 3 5 6 7 8 9 10 11 12 | 12.5
Hexes          | 1 3 4 5 6 7 8 |  8.1
Spellcasting   | 1 3 4 5 6 |  6.0
Shields        | 1 3 5 6 7 8 9 |  9.3
Evocations     | 2 3 4 |  4.9
Throwing       | |  1.8

Action                   |  1- 3 |  4- 6 |  7- 9 | 10-12 | 13-15 | 16-18 || total
-------------------------+-------+-------+-------+-------+-------+-------++-------
Melee: Rapier            |    95 |   250 |   111 |   412 |     6 |   228 ||  1102
       Dagger            |    18 |       |   402 |  1756 |  1934 |       ||  4110
       Short sword       |       |       |       |       |   508 |   758 ||  1266
       Quick blade       |       |       |       |       |   245 |   675 ||   920
Throw: Throwing net      |       |       |     7 |     4 |       |       ||    11
 Cast: Confusing Touch   |       |       |       |    18 |   198 |   163 ||   379
 Abil: Fly               |       |       |       |       |     1 |       ||     1
Evoke: Wand              |       |       |     1 |     2 |     1 |     2 ||     6
  Use: Scroll            |     7 |     7 |     6 |     8 |    14 |       ||    42
       Potion            |       |     2 |     2 |    12 |     1 |     5 ||    22
 Stab: Held in net/web   |       |       |     3 |     5 |       |       ||     8
       Sleeping          |       |       |     4 |    11 |    29 |    25 ||    69
       Distracted        |       |       |     1 |     1 |     1 |     6 ||     9
       Paralysed         |       |       |     1 |       |     3 |       ||     4
       Confused          |       |       |       |    18 |   198 |   164 ||   380
       Invisible         |       |       |       |     2 |     2 |       ||     4
  Eat: Chunk             |     2 |     5 |    15 |    26 |    24 |    18 ||    90
       Ration            |       |       |       |     5 |     3 |     3 ||    11
Armor: Scale mail        |    48 |   169 |   205 |   508 |    13 |       ||   943
       Leather armour    |     7 |       |       |       |       |    19 ||    26
       Troll leather arm |       |       |       |   161 |   528 |   219 ||   908
       Robe              |       |       |       |     3 |       |       ||     3
Dodge: Dodged            |    55 |   139 |   231 |   852 |   954 |   486 ||  2717
Block: Shield            |       |       |       |   558 |  1781 |  1047 ||  3386
